Map: Nightshade LE

Players

Astrea

  • Race: Protoss Protoss
  • League: Grandmaster
  • Spawn Location: 5:00

Super - Winner!

  • Race: Protoss Protoss
  • Spawn Location: 11:00

VOD

Have the link to the VOD?

Description

Time

  • Played on: Jan. 15, 2020, 5:35 a.m.
  • Length: 8:51
Show
View Real Time Build Order
Export as new Build Order

Astrea Protoss 

Build Orders: Phoenix Opening, Zealot Archon, Dark Templar Rush 

Get SALT Encoding   

  12  0:00  Probe  
  13  0:13  Probe  
  14  0:16  Pylon  
  14  0:25  Probe (Chrono Boost)  
  16  0:37  Probe (Chrono Boost)  
  16  0:38  Gateway  
  16  0:43  Probe (Chrono Boost)  
  16  0:45  Assimilator  
  17  0:51  Probe  
  17  0:53  Assimilator  
  18  1:03  Probe (Chrono Boost)  
  19  1:06  Gateway  
  19  1:13  Probe (Chrono Boost)  
  19  1:18  Probe (Chrono Boost)  
  20  1:25  Cybernetics Core  
  21  1:29  Probe  
  22  1:34  Pylon  
  22  1:41  Probe  
  23  1:54  Probe  
  24  1:59  Warp Gate (Chrono Boost)  
  24  2:01  Stalker  
  24  2:02  Sentry  
  24  2:06  Probe  
  29  2:12  Pylon  
  29  2:18  Probe  
  30  2:23  Pylon  
  30  2:30  Probe  
  30  2:36  Phoenix  
  31  2:41  Nexus  
  31  2:45  Probe  
  31  2:48  Sentry  
  31  2:51  Sentry  
  36  2:59  Probe  
  36  3:01  Pylon  
  37  3:09  Twilight Council  
  37  3:11  Probe  
  38  3:19  Stalker  
  40  3:23  Probe (Chrono Boost)  
  42  3:34  Probe (Chrono Boost), Robotics Facility  
  42  3:39  Probe (Chrono Boost)  
  43  3:43  Pylon  
  43  3:44  Phoenix  
  43  3:54  Probe (Chrono Boost), Dark Shrine  
  43  3:55  Probe (Chrono Boost)  
  46  4:04  Probe (Chrono Boost)  
  46  4:06  Probe (Chrono Boost)  
  46  4:09  Probe (Chrono Boost)  
  47  4:12  Resonating Glaives  
  47  4:14  Probe  
  47  4:16  Assimilator  
  49  4:18  Warp Prism (Chrono Boost)  
  49  4:22  Probe  
  52  4:26  Pylon  
  52  4:27  Probe  
  53  4:34  Probe  
  54  4:47  Immortal (Chrono Boost)  
  58  4:53  Gateway  
  58  4:55  Gateway  
  58  4:59  Gateway  
  58  5:02  Gateway  
  58  5:07  Gateway  
  58  5:08  Gateway  
  58  5:13  Adept x2  
  62  5:18  Pylon  
  62  5:20  Immortal (Chrono Boost)  
  66  5:34  Adept x2  
  70  5:38  Pylon  
  70  5:42  Pylon  
  70  5:52  Observer  
  70  5:53  Sentry  
  70  5:54  Adept x4  
  81  5:57  Adept  
  81  6:02  Sentry  
  85  6:07  Adept  
  87  6:12  Pylon  
  87  6:25  Adept x6  
  87  6:47  Warp Prism (Chrono Boost)  
  87  6:51  Adept x6  
  87  6:52  Archon  
  72  7:20  Immortal (Chrono Boost)  
  60  7:29  Probe  
  57  7:30  Probe  
  57  7:36  Assimilator  
  52  7:38  Forge  
  52  7:45  Adept x2, Sentry x2, Shield Battery  
  52  7:46  Adept x2  
  52  7:50  Immortal (Chrono Boost)  
  68  7:58  Adept x2  
  64  8:09  Adept x4  
  64  8:10  Adept x2  
  67  8:22  Adept x2  
  62  8:34  Adept  
  62  8:35  Adept x3  
Show
View Real Time Build Order
Export as new Build Order

Super Protoss - Winner!

Build Orders: Blink Stalkers, Zealot Archon 

Get SALT Encoding   

  12  0:00  Probe  
  13  0:12  Probe  
  14  0:17  Pylon  
  14  0:24  Probe (Chrono Boost)  
  15  0:35  Gateway  
  15  0:37  Probe (Chrono Boost)  
  16  0:45  Probe (Chrono Boost)  
  16  0:46  Assimilator  
  17  0:51  Probe  
  17  0:54  Assimilator  
  18  1:03  Probe (Chrono Boost)  
  19  1:06  Gateway  
  19  1:13  Probe (Chrono Boost)  
  19  1:18  Probe (Chrono Boost)  
  20  1:24  Cybernetics Core  
  21  1:29  Probe  
  22  1:35  Pylon  
  22  1:41  Probe  
  23  1:53  Probe  
  24  1:58  Warp Gate (Chrono Boost)  
  24  2:01  Sentry, Stalker  
  28  2:12  Pylon  
  28  2:28  Sentry  
  30  2:34  Sentry  
  32  2:37  Nexus  
  32  2:41  Probe  
  33  2:50  Shield Battery  
  33  2:54  Probe  
  34  3:00  Twilight Council  
  34  3:06  Probe (Chrono Boost)  
  34  3:12  Gateway  
  35  3:18  Probe (Chrono Boost)  
  36  3:26  Probe (Chrono Boost)  
  37  3:30  Forge  
  37  3:32  Probe  
  38  3:36  Blink (Chrono Boost)  
  38  3:47  Probe (Chrono Boost)  
  39  3:49  Probe (Chrono Boost)  
  40  3:59  Probe (Chrono Boost)  
  40  4:00  Probe (Chrono Boost)  
  42  4:04  Probe (Chrono Boost)  
  42  4:05  Protoss Ground Weapons Level 1 (Chrono Boost)  
  42  4:08  Probe  
  44  4:15  Probe, Assimilator  
  44  4:16  Robotics Facility  
  45  4:20  Probe  
  46  4:27  Probe  
  46  4:28  Pylon  
  46  4:30  Pylon  
  47  4:32  Probe  
  48  4:39  Probe  
  48  4:45  Probe, Stalker x2  
  54  4:49  Stalker  
  56  4:53  Pylon  
  56  4:57  Photon Cannon  
  56  4:59  Photon Cannon  
  56  5:03  Phoenix  
  56  5:05  Observer  
  57  5:19  Stalker x2  
  57  5:20  Stalker  
  63  5:34  Phoenix  
  63  5:37  Gateway  
  63  5:38  Gateway  
  63  5:41  Gateway  
  63  5:44  Gateway  
  63  5:46  Gateway  
  63  5:48  Templar Archives  
  63  5:51  Immortal (Chrono Boost)  
  63  5:52  Assimilator  
  67  6:02  Probe x2  
  69  6:13  Protoss Ground Weapons Level 2  
  69  6:14  Charge  
  69  6:23  Zealot x3  
  75  6:30  Immortal (Chrono Boost)  
  74  6:38  Pylon  
  78  6:40  Pylon  
  76  6:50  Stalker x3  
  74  6:56  Stalker x2  
  72  7:03  Stalker x2  
  72  7:08  Stalker  
  72  7:15  Stalker  
  72  7:20  Stalker x2  
  72  7:48  Nexus  
  72  7:50  Pylon  
  72  7:52  High Templar x2  
  72  7:53  Zealot x2  
  80  7:59  Archon  
  76  8:14  Zealot x6  
  82  8:35  Zealot x3  
Tags
 
Add a new tag
Caveats
  • Supply blocks, unpowered buildings, or Contaminate may cause inaccurate times.
  • Supply counts are checked every 10 seconds.